 Dungeon Crawl Stone Soup version 0.32-a0-975-g85d4e5bfdb (webtiles) character file.

Game seed: 16764996050780074803

2524394 RBrandon the Dealer of Despair (level 27, 396/396 HPs)
             Began as an Oni Hedge Wizard on Apr 19, 2024.
             Was an Elder of Kikubaaqudgha.
             Escaped with the Orb
             ... and 4 runes on Apr 20, 2024!
             The game lasted 04:51:04 (63915 turns).

RBrandon the Dealer of Despair (Oni Hedge Wizard)  Turns: 63915, Time: 04:51:05

Health: 396/396    AC: 31    Str: 22    XL:     27
Magic:  14/42      EV: 24    Int: 23    God:    Kikubaaqudgha [****..]
Gold:   3895       SH: 13    Dex: 10    Spells: 3/56 levels left

rFire   + . .        a - +7 sceptre of Torment {pain, torment}
rCold   + . .        h - +1 kite shield
rNeg    + + .        g - melded +3 troll leather armour
rPois   ∞            c - +2 hat {Will+}
rElec   +            T - scarf {repulsion}
rCorr   .            (gloves unavailable)
SInv    +            (boots unavailable)
Will    +++..        v - amulet of regeneration
Stlth   +            w - ring "Qapnen" {rElec rC+ rN+ EV+5}
HPRegen 1.66/turn    k - ring "Norid" {rF+ EV+5 Stlth+}
MPRegen 0.28/turn

%: repel missiles
@: statue-form, very slow
A: slow and powerful, torment resistance 1, boosted hp, large, unfitting armour,
horns 1, (tough skin 1), double potion healing, drunken brawling, see invisible,
deformed body, mutation resistance 1, screaming 1, MP-powered wands, sturdy
frame 1
0: Orb of Zot
}: 4/15 runes: serpentine, barnacled, slimy, silver
a: Begin Untransformation, Renounce Religion, Unearth Wretches


You escaped.
You worshipped Kikubaaqudgha.
Kikubaaqudgha was greatly pleased with you.
You were a living statue of rough stone.
You visited 11 branches of the dungeon, and saw 55 of its levels.
You also visited: Ice Cave.

You collected 8526 gold pieces.
You spent 4631 gold pieces at shops.

Inventory:

Hand Weapons
 a - the +7 sceptre of Torment (weapon) {pain, torment}
   (You found it on level 3 of the Crypt)
Missiles
 j - 7 throwing nets
Armour
 c - a +2 hat of willpower (worn)
   (You found it on level 3 of the Elven Halls)
 g - a +3 troll leather armour (melded)
 h - a +1 kite shield (worn)
 T - a scarf of repulsion (worn)
   (You found it on level 10 of the Dungeon)
Magical Staves
 b - a staff of death
Jewellery
 f - a ring of protection from fire
 k - the ring "Norid" (right fist) {rF+ EV+5 Stlth+}
   (You bought it in a shop on level 2 of the Orcish Mines)

   [ring of evasion]

   EV+5:      It affects your evasion (+5).
   rF+:       It protects you from fire.
   Stlth+:    It makes you more stealthy.
 v - an amulet of regeneration (around neck)
 w - the ring "Qapnen" (left fist) {rElec rC+ rN+ EV+5}
   (You found it on level 4 of the Dungeon)

   [ring of evasion]

   EV+5:      It affects your evasion (+5).
   rC+:       It protects you from cold.
   rElec:     It insulates you from electricity.
   rN+:       It protects you from negative energy.
 F - a ring of resist corrosion
 P - a ring of willpower
Talismans
 R - a granite talisman (active)
Wands
 C - a wand of acid (18)
 H - a wand of paralysis (76)
 N - a wand of roots (35)
 S - a wand of digging (1)
 U - a wand of polymorph (19)
Scrolls
 i - 6 scrolls of fog
 m - 3 scrolls of amnesia
 n - 7 scrolls of teleportation
 q - 10 scrolls of poison
 s - a scroll of butterflies
 t - 8 scrolls of blinking
 y - 8 scrolls of vulnerability
 G - 11 scrolls of immolation
 I - 5 scrolls of revelation
 O - a scroll of silence
 X - a scroll of fear
Potions
 d - 5 potions of magic
 l - 8 potions of haste
 o - 3 potions of resistance
 p - 6 potions of enlightenment
 r - 12 potions of curing
 x - 5 potions of ambrosia
 z - 7 potions of brilliance
 B - 3 potions of mutation
 E - 5 potions of heal wounds
 J - 2 potions of berserk rage
 K - 6 potions of invisibility
 L - 5 potions of cancellation
 Y - 3 potions of might
Miscellaneous
 e - a sack of spiders


   Skills:
 - Level 23.1 Fighting
 - Level 14.7(16.2) Maces & Flails
 - Level 11.3(14.5) Staves
 - Level 17.7 Dodging
 - Level 1.4 Stealth
 - Level 14.8 Shields
 - Level 15.0 Spellcasting
 - Level 3.5 Conjurations
 - Level 4.0 Hexes
 - Level 10.6 Summonings
 + Level 25.7 Necromancy
 - Level 0.9 Translocations
 - Level 10.7 Ice Magic
 - Level 2.0 Air Magic
 - Level 2.0 Alchemy
 - Level 18.1 Shapeshifting


You had 3 spell levels left.
You knew the following spells:

 Your Spells              Type           Power      Damage    Failure   Level
a - Infestation           Necr           47%        N/A       1%          8
b - Haunt                 Necr/Summ      39%        N/A       2%          7
c - Borgnjor's Vile Clut  Necr/Erth      33%        N/A       1%          5
d - Blink                 Tloc           42%        N/A       5%          2
e - Rimeblight            Ice/Necr       39%        2d8       (prima2%    7
f - Sublimation of Blood  Necr           94%        N/A       0%          2
i - Anguish               Hex/Necr       36%        N/A       1%          4
j - Death Channel         Necr           47%        N/A       1%          6
k - Dispel Undead         Necr           94%        3d30      0%          4
B - Borgnjor's Revivific  Necr           47%        N/A       1%          8

Your spell library contained the following spells:

 Spells                   Type           Power      Damage    Failure   Level
 Necrotise                Necr           100%       1d9       0%          1
 Fugue of the Fallen      Necr           94%        N/A       0%          3
 Vampiric Draining        Necr           94%        2d12      0%          3
 Magic Dart               Conj           100%       1d8       1%          1
 Shock                    Conj/Air       100%       1d9       1%          1
 Slow                     Hex            100%       N/A       1%          1
 Sting                    Conj/Alch      100%       1d9       1%          1
 Summon Small Mammal      Summ           100%       N/A       1%          1
 Call Imp                 Summ           100%       N/A       1%          2
 Cigotuvi's Dreadful Rot  Necr/Alch/Air  100%       N/A       1%          2
 Ensorcelled Hibernation  Hex/Ice        100%       N/A       1%          2
 Jinxbite                 Hex            70%        N/A       1%          2
 Call Canine Familiar     Summ           60%        N/A       1%          3
 Frozen Ramparts          Ice            100%       1d16      1%          3
 Ozocubu's Armour         Ice            61%        N/A       1%          3
 Foxfire                  Conj/Fire      100%       2x1d9     2%          1
 Apportation              Tloc           42%        N/A       3%          1
 Dazzling Flash           Conj/Hex       68%        N/A       3%          3
 Tukima's Dance           Hex            35%        N/A       3%          3
 Lesser Beckoning         Tloc           42%        N/A       5%          2
 Mephitic Cloud           Conj/Alch/Air  29%        N/A       5%          3
 Swiftness                Air            26%        N/A       7%          3
 Stone Arrow              Conj/Erth      50%        3d10      8%          3
 Maxwell's Portable Pile  Tloc           21%        2d(7-19)  11%         3
 Teleport Other           Tloc           21%        N/A       11%         3
 Volatile Blastmotes      Fire/Tloc      38%        2d13      13%         3
 Animate Dead             Necr           94%        N/A       0%          4
 Curse of Agony           Necr           94%        N/A       0%          5
 Martyr's Knell           Necr/Summ      79%        N/A       1%          4
 Summon Lightning Spire   Summ/Air       46%        N/A       3%          4
 Animate Armour           Summ/Erth      82%        N/A       5%          4
 Summon Blazeheart Golem  Fire/Summ      41%        N/A       5%          4
 Metabolic Englaciation   Hex/Ice        25%        N/A       7%          5
 Fulminant Prism          Conj/Alch      15%        3d10      16%         4
 Airstrike                Air            13%        2d(2-18)  22%         4
 Brom's Barrelling Bould  Conj/Erth      25%        2d5       24%         4
 Vhi's Electric Charge    Tloc/Air       48%        N/A       26%         4
 Leda's Liquefaction      Alch/Erth      11%        N/A       32%         4
 Petrify                  Alch/Erth      22%        N/A       32%         4
 Iskenderun's Battlesphe  Conj           33%        2d9       32%         5
 Passage of Golubria      Tloc           21%        N/A       34%         4
 Silence                  Hex/Air        15%        N/A       38%         5
 Yara's Violent Unravell  Hex/Alch       15%        3d8       38%         5
 Irradiate                Conj/Alch      15%        3d16      41%         5
 Ozocubu's Refrigeration  Ice            30%        4d14      45%         7
 Sculpt Simulacrum        Ice/Alch       23%        N/A       50%         6
 Alistair's Intoxication  Alch           17%        N/A       52%         5
 Fireball                 Conj/Fire      12%        3d7       56%         5
 Permafrost Eruption      Ice/Erth       20%        2x4d5     65%         6
 Lee's Rapid Deconstruct  Erth           8%         3d7*      80%         5
 Spellforged Servitor     Conj/Summ      25%        N/A       93%         7
 Conjure Ball Lightning   Conj/Air       15%        3x3d6     94%         6
 Bombard                  Conj/Erth      12%        9d3       98%         6
 Starburst                Conj/Fire      12%        6d5       98%         6
 Gell's Gavotte           Tloc           10%        2d(16-23) 99%         6
 Plasma Beam              Fire/Air       10%        2x1d21    99%         6
 Magnavolt                Erth/Air       10%        3d11      100%        7
 Manifold Assault         Tloc           10%        N/A       100%        7
 Orb of Destruction       Conj           16%        9d7       100%        7
 Seismic Cannonade        Alch/Erth      11%        6d6       100%        7
 Discord                  Hex            17%        N/A       100%        8
 Disjunction              Tloc           10%        N/A       100%        8
 Lehudib's Crystal Spear  Conj/Erth      12%        10d4      100%        8
 Maxwell's Capacitive Co  Air            13%        ∞         100%        8
 Chain Lightning          Conj/Air       15%        3d20      100%        9
 Polar Vortex             Ice            30%        12d4*     100%        9


Dungeon Overview and Level Annotations

Branches:
Dungeon (15/15)            Temple (0/1) D:7            Lair (5/5) D:10
 Shoals (4/4) Lair:3        Snake (4/4) Lair:2        Slime (5/5) Lair:5
    Orc (2/2) D:12            Elf (3/3) Orc:2        Vaults (5/5) D:13
  Crypt (3/3) Vaults:3       Tomb (0/3) Crypt:3      Depths (4/4) D:15
    Zot (5/5) Depths:4      IceCv (visited)

Altars:
Cheibriados
Elyvilon
Kikubaaqudgha
Nemelex Xobeh
Trog
Uskayaw
Vehumet
Wu Jian
Yredelemnul
Zin
The Shining One
Beogh
Jiyva
Lugonu

Shops:
D:6 ((   Orc:1 *[[:[   Orc:2 !!*=(*(   Elf:2 =   Shoals:4 [   Snake:1 *(
Snake:2 :   Snake:3 [   Vaults:4 !   Vaults:5 ??!!??   Depths:1 *
Depths:2 [[=*

Portals:
Hell: Depths:1 Depths:2 Depths:3 Depths:4
Abyss: Depths:3
Pandemonium: Depths:2
Ziggurat: Depths:2

Annotations:
D:2 1 runed translucent door, Crazy Yiuf
D:5 Eustachio
D:8 !dangerous
D:12 2 transporters, Waic's ghost, journeyman MiFi
Lair:2 exclusion: hydra
Snake:1 3 runed translucent doors, bakla's ghost, journeyman GnCK
Vaults:4 3 runed translucent doors, GnamariM's ghost, adept DECj
Crypt:2 1 transporter
Depths:4 3 runed translucent doors, Gumuy's ghost, adept MiHu


Innate Abilities, Weirdness & Mutations

You are a living statue of rough stone.
Your actions are slow, but your melee attacks are powerful.
You are resistant to unholy torment.
Your maximum health is greatly increased.
Your equipment is partially melded.
You are too large for most types of armour.
You are immune to poison.
You have a pair of small horns on your head.
((You have tough skin. (AC +1)))
You gain doubled healing and magic from potions.
Whenever you drink a healing potion, you attack all around you.
You have supernaturally acute eyesight. (SInv)
Armour fits poorly on your strangely shaped body.
You are somewhat resistant to further mutation.
You occasionally shout uncontrollably at your foes.
You expend magic power (3 MP) to strengthen your wands.
Your movements are slightly less encumbered by armour. (ER -2)


Message History

A nearby deep troll earth mage perishes wretchedly.
Kikubaaqudgha calls piteous wretches from the earth!
An adder, a basilisk and a wolf spider come into view.
A nearby fire giant perishes wretchedly.
A nearby deep troll earth mage perishes wretchedly.
A nearby sphinx perishes wretchedly.
Kikubaaqudgha calls piteous wretches from the earth!
A storm dragon, a fire giant and a tengu reaver come into view.
A nearby stone giant perishes wretchedly.
A nearby deep troll earth mage perishes wretchedly.
A nearby fire giant perishes wretchedly.
Kikubaaqudgha calls piteous wretches from the earth!
A deep troll earth mage and a bat come into view.
A nearby adder perishes wretchedly.
A nearby basilisk perishes wretchedly.
A nearby wolf spider perishes wretchedly.
Kikubaaqudgha calls piteous wretches from the earth!
An adder, a bombardier beetle, a ball python and a giant cockroach come into view.
You yell at the bombardier beetle!
A nearby storm dragon perishes wretchedly.
A nearby fire giant perishes wretchedly.
A nearby tengu reaver perishes wretchedly.
Kikubaaqudgha calls piteous wretches from the earth!
A jackal comes into view.
A nearby deep troll earth mage perishes wretchedly.
A nearby polar bear perishes wretchedly.
A nearby bat perishes wretchedly.
Kikubaaqudgha calls piteous wretches from the earth!
You can no longer invoke torment.
An ettin and a fire giant come into view.
A nearby adder perishes wretchedly.
A nearby bombardier beetle perishes wretchedly.
A nearby ball python perishes wretchedly.
A nearby giant cockroach perishes wretchedly.
A nearby merfolk perishes wretchedly.
Kikubaaqudgha calls piteous wretches from the earth!
A frost giant, 2 sphinxes, a kobold and a storm dragon come into view.
A nearby ettin perishes wretchedly.
A nearby jackal perishes wretchedly.
A nearby fire giant perishes wretchedly.
A nearby kobold perishes wretchedly.
You have escaped!

♣.♣♣♣ ♣♣.♣♣♣. ♣.♣
♣♣♣.♣♣ ♣♣ ♣.♣♣
♣♣♣..♣♣ ♣ ♣..♣
♣..♣♣♣ ♣♣.♣♣ ♣.♣♣
♣♣..♣♣ ♣♣.♣♣
♣♣♣††♣†♣ ♣♣.♣ ♣♣
♣.†H††H♣ ♣♣.♣♣ ♣≈
♣♣†YI††♣♣♣♣♣.♣.♣
♣≈≈≈
♣♣C†DP..♣....♣♣♣≈≈≈
♣♣♣♣♣♣P.♣P♣♣♣ ♣
♣♣♣♣♣♣


You could see a storm dragon (paralysed), a frost giant (paralysed), 2 sphinxes
and an elephant (paralysed).

Vanquished Creatures
  the Royal Jelly (Slime:5)
  2 dread liches
  3 orbs of fire
  Boris (twice) (Crypt:3 Depths:2)
  A Killer Klown (Zot:5)
  Saint Roka (Elf:3)
  A curse toe (Zot:5)
  8 golden dragons
  2 profane servitors
  Jory (Crypt:2)
  2 bone dragons
  2 electric golems
  11 tentacled monstrosities
  A walking crystal tome (Depths:2)
  11 Orb Guardians
  2 liches
  An Ice Fiend (D:11)
  2 deep elf blademasters (Elf:3)
  A titan (Vaults:5)
  7 death cobs
  4 quicksilver dragons
  3 sphinxes
  14 acid blobs
  A deep elf master archer (Elf:3)
  A tengu reaver (Vaults:5)
  2 ancient champions
  7 azure jellies
  7 shadow dragons
  7 draconian knights
  5 fire giants
  8 storm dragons
  5 protean progenitors
  2 revenants
  7 rockslimes
  3 draconian monks
  2 deep elf sorcerers (Elf:3)
  13 frost giants
  3 iron dragons
  A curse skull (Crypt:1)
  An angel (Zot:1)
  12 vault wardens
  6 deep elf elementalists (Elf:3)
  A cacodemon (Zot:1)
  2 draconian stormcallers
  2 draconian annihilators
  A ghoul (Crypt:3)
  14 very ugly things
  3 ironbound thunderhulks
  11 stone giants
  4 quicksilver oozes
  8 ironbound preservers
  12 vampire knights
  A juggernaut skeleton (Depths:1)
  3 formless jellyfish
  6 deep elf demonologists
  6 deep elf annihilators
  5 green draconians
  12 black draconians
  6 white draconians
  3 yellow draconians
  2 demonspawn black suns (Zot:1)
  7 purple draconians
  6 dire elephants
  11 deep elf death magi
  12 spark wasps
  Snorg (D:14)
  2 war gargoyles
  3 eidola (Crypt:2)
  4 red draconians
  A blizzard demon (Zot:4)
  A merfolk javelineer (Shoals:4)
  2 deep elf high priests (Elf:3)
  2 green deaths
  A quicksilver dragon zombie (D:15)
  8 yaktaur captains
  7 fire dragons
  12 ettins
  22 jiangshi
  A merfolk impaler (Shoals:4)
  5 great orbs of eyes
  5 ice dragons
  Erolcha (D:11)
  2 peacekeepers
  31 vault guards
  A spriggan air mage (Depths:2)
  2 hell beasts
  A salamander tyrant (Snake:4)
  2 rakshasas (Depths:3)
  8 anacondas
  A catoblepas (Depths:2)
  8 ironbound frosthearts
  2 ogre magi
  2 alligator snapping turtles (Shoals:4)
  4 boulder beetles
  13 centaur warriors
  5 deep troll shamans (Depths:1)
  Erica (D:10)
  A merfolk aquamancer (Shoals:4)
  8 two-headed ogres
  15 dancing weapons
  A death knight (Crypt:1)
  A fenstrider witch skeleton (Crypt:3)
  7 vampire magi
  5 tengu warriors
  A bennu skeleton (Crypt:2)
  2 hell knights
  3 deep troll earth magi
  A death yak (Lair:5)
  2 occultists
  2 soul eaters
  3 orc high priests
  3 spriggan berserkers
  4 naga warriors
  A titan zombie (Crypt:3)
  6 naga sharpshooters
  A shock serpent (Snake:4)
  A skyshark (shapeshifter) (Depths:3)
  2 sixfirhies
  4 deep elf knights
  8 iron trolls
  38 skeletal warriors
  8 shadow wraiths
  8 deep elf archers
  2 skysharks (Shoals:2)
  A cherub (Zot:1)
  11 sea snakes
  A glowing orange brain (Depths:2)
  2 flayed ghosts
  A spriggan rider (Depths:2)
  2 shadow demons (Depths:3)
  30 deep trolls
  4 bog bodies (Crypt:3)
  2 salamander mystics (Snake:4)
  4 naga ritualists
  4 lindwurms
  6 mana vipers
  Pikel (D:7)
  9 phantasmal warriors
  73 slime creatures
  6 necromancers
  13 ironbound convokers
  A lindwurm (shapeshifter) (Vaults:4)
  7 harpies
  A steelbarb worm (shapeshifter) (Vaults:5)
  4 arcanists
  26 deep elf pyromancers
  12 deep elf zephyrmancers
  4 large abominations
  5 manticores
  5 orc knights
  9 thermic dynamos
  13 ugly things
  5 orc sorcerers
  A faun (shapeshifter) (Vaults:5)
  7 fauns
  A wolf spider (Lair:5)
  5 cyclopes
  5 shining eyes
  3 rust devils
  3 elephants
  11 salamanders
  A manticore (shapeshifter) (Vaults:5)
  4 merfolk sirens
  A mana viper zombie (Crypt:2)
  2 kobold blastminers
  3 water nymphs
  18 black mambas
  7 naga magi
  18 moths of wrath
  An elephant (shapeshifter) (Depths:2)
  2 stone giant skeletons (Vaults:5)
  A cane toad (shapeshifter) (D:10)
  A guardian serpent (Snake:4)
  6 vault sentinels
  7 cane toads
  3 eyes of devastation
  4 rime drakes
  3 komodo dragons
  An ice devil (Depths:4)
  2 tormentors
  An anaconda simulacrum (IceCv)
  8 yaktaurs
  A spark wasp simulacrum (Depths:3)
  2 golden dragon simulacra (Depths:3)
  2 efreet
  6 freezing wraiths
  5 tengu conjurers
  A red devil (D:8)
  A troll (Orc:1)
  A hellwing (Depths:3)
  A merfolk (shapeshifter) (Vaults:2)
  16 merfolk
  3 nameless horrors
  Prince Ribbit (D:6)
  2 blink frogs
  2 ettin zombies
  An ice dragon zombie (Crypt:1)
  3 wind drakes (Shoals:1)
  A dream sheep (Shoals:1)
  2 glass eyes
  5 snapping turtles (Shoals:4)
  2 spriggan skeletons
  A spriggan (shapeshifter) (Elf:1)
  3 water elementals
  4 air elementals
  4 wraiths
  4 shadows (Crypt:3)
  2 small abominations (Crypt:3)
  A culicivora (shapeshifter) (Elf:1)
  A fire dragon skeleton (Crypt:1)
  6 wyverns
  A wyvern (shapeshifter) (D:13)
  14 yaks
  A warg (Orc:2)
  4 fire elementals
  5 golden eyes
  2 redbacks (Lair:5)
  3 basilisks
  A chaos spawn (Zot:2)
  Menkaure (D:7)
  2 vampire mosquitoes (D:12)
  4 swamp worms
  A faun zombie (Crypt:1)
  14 nagas
  3 acid dragons
  8 water moccasins
  A meliai simulacrum (D:15)
  2 moth of wrath simulacra (Zot:1)
  A swamp drake (Lair:5)
  A tengu skeleton (Depths:1)
  11 orc warriors
  3 black bears
  An elephant zombie (Crypt:2)
  2 ice beasts
  A boggart (Depths:3)
  A boggart (shapeshifter) (Vaults:5)
  7 centaurs
  24 laughing skulls
  4 wolves
  8 ogres
  3 lemures (D:7)
  A phantom (D:5)
  2 kobold brigands
  A weeping skull (Crypt:3)
  9 bullfrogs
  2 gnoll sergeants (D:11)
  A fire crab zombie (Crypt:1)
  2 elf zombies (Elf:1)
  5 earth elementals
  A warg zombie (Crypt:1)
  A warg skeleton (Crypt:2)
  4 wights (D:8)
  4 burial acolytes (Crypt:3)
  A yak zombie (Crypt:2)
  An elephant simulacrum (IceCv)
  4 killer bees (D:10)
  A polar bear skeleton (Crypt:1)
  A raiju skeleton (Crypt:1)
  6 howler monkeys (D:12)
  2 bombardier beetles (D:6)
  A yak skeleton (Crypt:2)
  A jelly (shapeshifter) (D:15)
  A hound (D:6)
  A jelly (D:6)
  9 orc priests
  A sleepcap (D:8)
  2 gnoll boudas
  2 iguanas
  Jessica (D:2)
  A black bear skeleton (Crypt:1)
  A bullfrog skeleton (Crypt:2)
  A human skeleton (Crypt:1)
  17 orc wizards
  3 spriggan simulacra (IceCv)
  A wolf simulacrum (IceCv)
  22 gnolls
  4 adders
  A naga simulacrum (IceCv)
  7 ufetubi
  6 dart slugs
  A ribbon worm (D:14)
  36 orcs
  6 endoplasms
  2 giant cockroaches
  7 hobgoblins
  2 jackals (D:2)
  18 kobolds
  2 quokkas
  4 ball pythons
  5 bats
  A frilled lizard (D:3)
  11 goblins
  11 rats
1461 creatures vanquished.

Vanquished Creatures (collateral kills)
  2 pandemonium lords
  A dread lich (Zot:5)
  An ancient lich (Zot:5)
  Mara (Depths:1)
  Josephina (Zot:1)
  A Killer Klown (Zot:4)
  2 golden dragons
  A Brimstone Fiend (Zot:3)
  An electric golem (Zot:1)
  6 tentacled monstrosities
  A Hell Sentinel (Zot:1)
  13 Orb Guardians (Zot:5)
  An Ice Fiend (Zot:1)
  A quicksilver dragon (Zot:3)
  A titan (Vaults:1)
  A death cob (Zot:1)
  13 acid blobs
  4 shadow dragons
  Aizul (Shoals:3)
  Kirke (Lair:4)
  3 nagarajas
  Donald (Shoals:3)
  4 storm dragons
  2 tengu reavers
  3 protean progenitors
  Ilsuiw (Shoals:3)
  3 rockslimes (Slime:5)
  A draconian monk (Zot:1)
  A fire giant (Vaults:2)
  3 azure jellies (Slime:5)
  9 draconian shifters
  5 frost giants
  5 vault wardens
  A draconian scorcher (Zot:3)
  A demonspawn corrupter (D:15)
  An orc warlord (Vaults:1)
  A draconian annihilator (Zot:3)
  6 ironbound preservers
  5 very ugly things
  4 quicksilver oozes
  7 stone giants
  8 ironbound thunderhulks
  A deep elf death mage (Crypt:3)
  2 deep elf demonologists (Depths:3)
  A formless jellyfish (Vaults:3)
  5 purple draconians
  3 green draconians (Zot:1)
  2 dire elephants (Vaults:4)
  5 spark wasps
  6 white draconians
  3 yellow draconians (Zot:3)
  2 war gargoyles
  9 black draconians
  4 ettins
  4 red draconians
  A crystal guardian (Vaults:4)
  5 merfolk javelineers
  4 fire dragons
  A deep elf high priest (Vaults:5)
  3 merfolk impalers
  4 great orbs of eyes
  2 rakshasas
  2 jiangshi (Depths:2)
  2 ice dragons
  Fannar (Lair:1)
  5 yaktaur captains
  5 salamander tyrants (Snake:4)
  3 vault guards (Vaults:5)
  A hydra (Lair:5)
  2 spriggan air magi
  2 ogre magi
  3 peacekeepers
  4 anacondas
  A catoblepas (Lair:5)
  2 ironbound frosthearts
  A centaur warrior (D:13)
  2 merfolk avatars (Shoals:4)
  5 boulder beetles
  A merfolk aquamancer (Shoals:4)
  12 dancing weapons (Elf:2)
  3 deep troll shamans
  A tengu warrior (Depths:4)
  2 death yaks
  A deep troll earth mage (Depths:2)
  A satyr (Shoals:4)
  2 death knights (Crypt:3)
  A shock serpent (shapeshifter) (Elf:2)
  2 vampire magi
  4 shock serpents
  2 naga sharpshooters
  8 deep elf knights (Elf:2)
  An orc high priest (Elf:1)
  A sun demon (D:15)
  2 spriggan berserkers
  An iron troll (Depths:4)
  3 skysharks
  8 naga warriors
  4 salamander mystics (Snake:4)
  3 deep elf archers (Elf:2)
  23 deep trolls
  3 sea snakes
  5 arcanists
  2 glowing orange brains (shapeshifter)
  3 flayed ghosts
  4 naga ritualists
  11 mana vipers
  2 shadow demons
  6 ironbound convokers
  7 harpies
  3 glowing orange brains
  A thermic dynamo (Elf:3)
  2 lindwurms (Vaults:1)
  14 deep elf pyromancers
  6 deep elf zephyrmancers (Elf:2)
  3 phantasmal warriors
  3 necromancers
  3 shining eyes
  A shining eye (shapeshifter) (Vaults:3)
  9 ugly things
  6 fauns
  A large abomination (Zot:5)
  3 cyclopes
  5 guardian serpents
  5 moths of wrath
  A stone giant skeleton (Vaults:5)
  7 manticores
  21 salamanders
  A nameless horror (Elf:2)
  20 black mambas
  5 merfolk sirens
  2 torpor snails
  5 naga magi
  A water nymph (shapeshifter) (Vaults:5)
  6 water nymphs
  9 cane toads
  7 elephants
  4 vault sentinels
  A storm dragon simulacrum (Zot:1)
  An unseen horror (shapeshifter) (D:10)
  A komodo dragon (Lair:4)
  A freezing wraith (Vaults:5)
  2 rime drakes
  11 yaktaurs
  A tengu conjurer (D:14)
  An ice devil (IceCv)
  A hellwing (D:15)
  26 merfolk
  A merfolk (shapeshifter) (Depths:3)
  A shadow dragon simulacrum (Zot:1)
  2 hornets (Lair:5)
  2 wind drakes
  3 glass eyes
  10 dream sheep
  4 blink frogs
  4 snapping turtles
  29 slime creatures
  2 water elementals
  20 yaks
  A wraith (D:13)
  5 wyverns
  2 steam dragons (Lair:5)
  3 basilisks
  2 fire elementals (Elf:2)
  4 golden eyes
  2 hogs (Lair:4)
  A redback (Lair:5)
  16 nagas
  A vampire mosquito (D:12)
  A swamp worm (Lair:4)
  An acid dragon (Lair:5)
  A swamp drake (Lair:5)
  3 orc warriors (Orc:2)
  7 water moccasins
  3 ogres
  2 small abominations
  3 boggarts (Vaults:1)
  2 bullfrogs
  A killer bee (D:10)
  An electric eel (Lair:3)
  3 orc priests (Orc:2)
  A jelly (D:6)
  An iron imp (Zot:3)
  An iguana (shapeshifter) (Elf:2)
  An iguana (Lair:5)
  6 orc wizards (Orc:2)
  2 gnolls
  A naga simulacrum (IceCv)
  An ufetubus (IceCv)
  13 orcs (Orc:2)
  A kobold (D:10)
  An aspiring flesh (Zot:3)
738 creatures vanquished.

Vanquished Creatures (others)
  2 golden dragons (Zot:1)
  A deep elf master archer (Elf:3)
  4 sphinxes
  An acid blob (Slime:5)
  A death cob (Zot:4)
  A tengu reaver (D:1)
  3 storm dragons
  A shadow dragon (Zot:1)
  7 fire giants
  4 draconian knights
  A draconian scorcher (Zot:3)
  3 draconian shifters (Zot:1)
  4 vault wardens
  A ghost moth (Zot:1)
  6 ironbound preservers
  A quicksilver ooze (Slime:5)
  3 stone giants
  3 draconian annihilators
  3 green draconians
  A white draconian (Zot:1)
  Nessos (D:15)
  A yellow draconian (Zot:3)
  2 spark wasps (Depths:1)
  3 red draconians
  A purple draconian (Zot:3)
  A fire dragon (Depths:1)
  4 ettins
  5 merfolk impalers
  A merfolk javelineer (Shoals:4)
  3 yaktaur captains
  An entropy weaver (Vaults:4)
  An ice dragon (Depths:1)
  4 vault guards
  A great orb of eyes (Slime:5)
  A sphinx zombie (Vaults:4)
  2 hydras
  2 centaur warriors (Vaults:2)
  An ironbound frostheart (Vaults:4)
  An ogre mage (D:15)
  A satyr (Shoals:1)
  A death knight (D:10)
  A boulder beetle (D:10)
  6 two-headed ogres
  7 naga sharpshooters
  A death yak (Lair:3)
  A spriggan berserker (Depths:1)
  3 tengu warriors (D:14)
  6 deep troll earth magi
  An orc high priest (Orc:2)
  4 shock serpents
  2 deep elf knights
  4 skeletal warriors
  A skyshark (Lair:2)
  A salamander mystic (Snake:3)
  A flayed ghost (D:15)
  2 sea snakes (Shoals:4)
  An anaconda zombie (Snake:3)
  A swamp dragon (Lair:5)
  3 orc knights
  11 deep trolls
  3 ironbound convokers
  A phantasmal warrior (Vaults:2)
  6 harpies
  3 lindwurms
  5 cyclopes
  2 fauns (Shoals:1)
  An ugly thing (D:10)
  An orc sorcerer (Orc:2)
  A wolf spider (D:1)
  4 manticores
  13 moths of wrath
  A kobold blastminer (Orc:2)
  4 merfolk sirens (Shoals:4)
  A vault sentinel (Vaults:3)
  5 naga magi
  2 elephants (Lair:4)
  3 salamanders
  A shock serpent zombie (Snake:3)
  5 mana viper zombies
  2 dire elephant zombies (Vaults:4)
  4 cane toads
  2 water nymphs (Shoals:4)
  10 black mambas
  A centaur zombie (D:15)
  2 ice devils (IceCv)
  6 rime drakes (IceCv)
  5 komodo dragons
  10 human zombies
  8 yaktaurs
  A hydra zombie (Lair:5)
  A sea snake zombie (Shoals:2)
  14 merfolk zombies
  A polar bear (Lair:3)
  12 harpy zombies
  A merfolk (shapeshifter) (D:1)
  A polar bear (shapeshifter) (D:1)
  2 great orb of eyes zombies
  7 merfolk
  2 hornets
  A troll (Orc:2)
  2 blink frogs
  3 wind drakes (Shoals:4)
  A satyr zombie (Shoals:4)
  A guardian serpent zombie (Snake:3)
  A boulder beetle zombie (D:14)
  2 snapping turtles (Shoals:4)
  12 black mamba zombies
  7 slime creatures
  6 wyverns
  A hog (Lair:4)
  2 basilisks
  A human (Lair:4)
  4 slime creature zombies
  A vampire (D:13)
  3 wind drake zombies
  19 yaks
  A steam dragon (Lair:5)
  A redback (Lair:5)
  3 water nymph zombies
  8 deep troll zombies
  6 two-headed ogre zombies
  4 faun zombies
  A swamp worm (Lair:4)
  8 nagas
  An entropy weaver zombie (Vaults:4)
  2 cane toad zombies
  2 water moccasins
  An acid dragon (Lair:5)
  4 orc warriors
  4 manticore zombies
  A snapping turtle zombie (Shoals:4)
  7 elephant zombies
  4 dream sheep zombies (Shoals:1)
  3 blink frog zombies (Lair:2)
  3 ice beasts
  A centaur (D:1)
  9 wolves
  An ogre (D:15)
  5 rime drake zombies
  2 salamander zombies
  A kobold brigand (D:10)
  2 komodo dragon zombies
  2 bullfrogs
  3 yaktaur zombies
  2 cyclops zombies
  A water moccasin zombie (Lair:4)
  21 yak zombies
  5 wolf zombies (Lair:4)
  An electric eel (Lair:3)
  A bullfrog zombie (Lair:4)
  3 lava snakes (Lair:2)
  A basilisk zombie (D:10)
  A black bear zombie (Lair:3)
  2 bombardier beetles
  An iguana (D:15)
  An orc wizard (D:1)
  2 killer bee zombies (D:10)
  10 ogre zombies
  2 kobold zombies (D:10)
  22 naga zombies
  An acid dragon zombie (Lair:5)
  2 ice beast zombies
  2 gnolls (D:11)
  3 adders
  An adder zombie (D:10)
  An orc (D:1)
  2 bats
  An endoplasm (D:10)
  A giant cockroach (D:1)
  4 gnoll zombies
  A jackal (D:1)
  A ball python (D:1)
  An endoplasm zombie (D:10)
  A kobold (D:1)
  9 orc zombies (Orc:2)
564 creatures vanquished.

Grand Total: 2763 creatures vanquished

Notes
Turn   | Place    | Note
-------+----------+-------------------------------------------
     0 | D:1      | RBrandon the Oni Hedge Wizard began the quest for the Orb.
     0 | D:1      | Reached XP level 1. HP: 16/16 MP: 5/5
   127 | D:1      | Reached skill level 1 in Conjurations
   297 | D:1      | Reached XP level 2. HP: 15/24 MP: 0/6
  1306 | D:2      | Noticed Jessica
  1309 | D:2      | Reached XP level 3. HP: 31/31 MP: 0/8
  1379 | D:2      | Killed Jessica
  1631 | D:2      | Reached XP level 4. HP: 35/39 MP: 7/9
  2340 | D:2      | Found a runed translucent door.
  2341 | D:2      | Noticed Crazy Yiuf
  2347 | D:2      | Learned a level 2 spell: Cigotuvi's Dreadful Rot
  2351 | D:2      | Learned a level 3 spell: Mephitic Cloud
  2535 | D:3      | Reached skill level 1 in Alchemy
  2538 | D:3      | Reached skill level 1 in Air Magic
  2554 | D:3      | Reached XP level 5. HP: 39/45 MP: 8/10
  3208 | D:4      | Noticed a +0 spear
  3209 | D:4      | Noticed a +0 short sword
  3210 | D:4      | Noticed a +0 short sword
  3210 | D:4      | Noticed a +0 falchion
  3210 | D:4      | Noticed a +0 spear
  3211 | D:4      | Noticed a +0 falchion
  3211 | D:4      | Noticed a +0 dagger
  3211 | D:4      | Noticed a +0 dagger
  3213 | D:4      | Found a hide-covered altar of Uskayaw.
  3531 | D:4      | Found an ornate altar of the Wu Jian Council.
  3535 | D:4      | Found a sparkling altar of Nemelex Xobeh.
  3538 | D:4      | Found an ancient bone altar of Kikubaaqudgha.
  3540 | D:4      | Found a glowing golden altar of the Shining One.
  3563 | D:4      | Became a worshipper of Kikubaaqudgha
  3629 | D:4      | Found a snail-covered altar of Cheibriados.
  3698 | D:4      | Identified the ring "Qapnen" {rElec rC+ rN+ EV+5}
  3753 | D:4      | Found a bloodstained altar of Trog.
  4021 | D:5      | Entered Level 5 of the Dungeon
  4139 | D:5      | Learned a level 2 spell: Blink
  4143 | D:5      | Learned a level 3 spell: Vampiric Draining
  4185 | D:5      | Noticed a phantom
  4230 | D:5      | Killed a phantom
  4231 | D:5      | Reached skill level 2 in Necromancy
  4231 | D:5      | Reached XP level 6. HP: 47/53 MP: 8/11
  4417 | D:5      | Noticed an ice beast
  4432 | D:5      | Killed an ice beast
  4433 | D:5      | Reached skill level 3 in Necromancy
  4589 | D:5      | Reached XP level 7. HP: 44/59 MP: 10/12
  4653 | D:5      | Reached skill level 4 in Necromancy
  4780 | D:5      | Identified the +1 trident of the Yoke {flame, rElec rC++}
  4951 | D:5      | Noticed Eustachio
  5061 | D:6      | Noticed Prince Ribbit
  5075 | D:6      | Killed Prince Ribbit
  5076 | D:6      | Reached skill level 5 in Necromancy
  5156 | D:6      | Found Yzaaq's Antique Weapon Emporium.
  5207 | D:6      | Reached skill level 6 in Necromancy
  5207 | D:6      | Reached XP level 8. HP: 67/67 MP: 11/13
  5361 | D:6      | Reached * piety under Kikubaaqudgha
  5361 | D:6      | Received a gift from Kikubaaqudgha
  5374 | D:6      | Reached skill level 5 in Spellcasting
  5474 | D:6      | Learned a level 2 spell: Sublimation of Blood
  5479 | D:6      | Learned a level 4 spell: Animate Dead
  5742 | D:6      | Found Udock's Antique Weapon Emporium.
  6078 | D:7      | Noticed Pikel
  6135 | D:7      | Noticed Menkaure
  6237 | D:7      | Found a staircase to the Ecumenical Temple.
  6482 | D:7      | Killed Pikel
  6483 | D:7      | Reached skill level 7 in Necromancy
  6483 | D:7      | Reached XP level 9. HP: 56/74 MP: 7/20
  6521 | D:7      | Killed Menkaure
  6528 | D:7      | Learned a level 5 spell: Curse of Agony
  6878 | D:8      | Noticed a red devil
  6878 | D:8      | Noticed a red devil
  6882 | D:8      | Noticed a red devil
  7126 | D:9      | Reached skill level 8 in Necromancy
  7461 | D:9      | Reached ** piety under Kikubaaqudgha
  7691 | D:10     | Entered Level 10 of the Dungeon
  7828 | D:10     | Reached skill level 9 in Necromancy
  7940 | D:10     | Reached XP level 10. HP: 50/81 MP: 14/22
  7962 | D:10     | Reached skill level 10 in Necromancy
  8092 | D:10     | Found a staircase to the Lair.
  8486 | D:8      | Noticed a cyclops
  8486 | D:8      | Noticed an arcanist
  8647 | D:10     | Noticed a red ugly thing
  8700 | D:10     | Identified the +7 quarterstaff "Keigim" {flame, Will+
                  | Dex+4}
  8720 | Lair:1   | Entered Level 1 of the Lair of Beasts
  8862 | Lair:1   | Learned a level 4 spell: Anguish
  8933 | Lair:1   | Reached skill level 1 in Hexes
  9014 | Lair:1   | Reached skill level 1 in Fighting
  9039 | Lair:1   | Noticed a cane toad
  9045 | Lair:1   | Killed a cane toad
  9119 | Lair:1   | Noticed Fannar
  9136 | Lair:1   | Reached XP level 11. HP: 48/101 MP: 12/24
  9136 | Lair:1   | Killed Fannar
  9888 | Lair:2   | Noticed a skyshark
  9895 | Lair:2   | Killed a skyshark
  9896 | Lair:2   | Reached skill level 10 in Fighting
 10082 | Lair:2   | Found a staircase to the Snake Pit.
 10084 | Lair:2   | Noticed a salamander
 10150 | Lair:2   | Killed a salamander
 10488 | Lair:2   | Reached skill level 5 in Dodging
 10591 | Lair:2   | Noticed an eight-headed hydra
 10894 | Lair:2   | Reached *** piety under Kikubaaqudgha
 10894 | Lair:2   | Received a gift from Kikubaaqudgha
 10897 | Lair:2   | Reached XP level 12. HP: 89/128 MP: 25/25
 12299 | Lair:3   | Reached skill level 10 in Spellcasting
 12408 | Lair:3   | Found a staircase to the Shoals.
 12617 | Lair:3   | Noticed a death yak
 12632 | Lair:3   | Noticed a death yak
 12641 | Lair:3   | Killed a death yak
 12670 | Lair:4   | Reached **** piety under Kikubaaqudgha
 12762 | Lair:4   | Learned a level 6 spell: Death Channel
 12907 | Lair:4   | Noticed Kirke
 13097 | Lair:4   | Reached XP level 13. HP: 135/135 MP: 29/29
 13215 | Lair:4   | Killed Kirke
 13790 | Lair:5   | Entered Level 5 of the Lair of Beasts
 13959 | Lair:5   | Found a staircase to the Slime Pits.
 13960 | Lair:5   | Found a viscous altar of Jiyva.
 14209 | Lair:5   | Reached skill level 15 in Spellcasting
 14405 | Lair:5   | Reached skill level 11 in Necromancy
 14556 | Lair:5   | Reached skill level 10 in Dodging
 14556 | Lair:5   | Reached skill level 12 in Necromancy
 14556 | Lair:5   | Reached XP level 14. HP: 141/148 MP: 21/33
 14978 | Lair:5   | Reached XP level 15. HP: 117/156 MP: 19/34
 15163 | Lair:5   | Reached skill level 13 in Necromancy
 15889 | D:10     | Noticed Erica
 16125 | D:10     | Killed Erica
 16479 | D:10     | Identified the ring of Rearoi {rElec rN+}
 17146 | D:11     | Noticed Erolcha
 17153 | D:11     | Killed Erolcha
 17154 | D:11     | Reached skill level 14 in Necromancy
 17323 | D:11     | Found a frozen archway.
 17347 | IceCv    | Entered an ice cave
 17355 | IceCv    | Learned a level 4 spell: Dispel Undead
 17867 | D:11     | Got Kikubaaqudgha's Book of Sand
 17919 | D:11     | Got the Volume of Plaster Cramp
 17926 | D:11     | Got Ityotafi's Almanac of Combed Thunderclap
 18106 | D:12     | Found a staircase to the Orcish Mines.
 18119 | D:12     | Found a transporter.
 18128 | D:12     | Identified the amulet of the Jester {Faith Rampage rF-
                  | Int+2 Slay+5}
 18144 | D:12     | Noticed Waic's ghost (journeyman MiFi)
 18182 | D:12     | Reached skill level 15 in Necromancy
 18211 | D:12     | Found a transporter.
 19165 | D:13     | Reached skill level 16 in Necromancy
 19430 | D:13     | Found a gate to the Vaults.
 19721 | Orc:1    | Entered Level 1 of the Orcish Mines
 19769 | Orc:1    | Found Tuoli's Armour Emporium.
 19810 | Orc:1    | Found Coylefer's Armour Emporium.
 19813 | Orc:1    | Found Heonk's Assorted Antiques.
 19815 | Orc:1    | Found a transporter.
 19843 | Orc:1    | Found Haidoqes's Antique Armour Emporium.
 19848 | Orc:1    | Found a transporter.
 19848 | Orc:1    | Found Fosyit's Book Shop.
 19906 | Orc:1    | Bought an encrusted robe for 136 gold pieces
 19906 | Orc:1    | Identified the +1 robe of Mor Edd {Harm Rampage Str-5
                  | Dex+2} (You bought it in a shop on level 1 of the Orcish
                  | Mines)
 19947 | Orc:2    | Entered Level 2 of the Orcish Mines
 19964 | Orc:2    | Reached XP level 16. HP: 105/165 MP: 31/35
 20297 | Orc:2    | Reached ***** piety under Kikubaaqudgha
 20380 | Orc:2    | Found a staircase to the Elven Halls.
 20417 | Orc:2    | Found Baucliuv's General Store.
 20459 | Orc:2    | Bought a potion of haste for 130 gold pieces
 20603 | Orc:2    | Found Wiacao's Distillery.
 20617 | Orc:2    | Bought a potion of curing for 36 gold pieces
 20617 | Orc:2    | Bought a potion of curing for 36 gold pieces
 20617 | Orc:2    | Bought a potion of haste for 120 gold pieces
 20617 | Orc:2    | Bought a potion of curing for 36 gold pieces
 20617 | Orc:2    | Bought a potion of heal wounds for 60 gold pieces
 20793 | Orc:2    | Found Faetemih's Distillery.
 20801 | Orc:2    | Bought a potion of heal wounds for 50 gold pieces
 20801 | Orc:2    | Bought a potion of haste for 100 gold pieces
 20801 | Orc:2    | Bought a potion of magic for 80 gold pieces
 20801 | Orc:2    | Bought a potion of ambrosia for 80 gold pieces
 20801 | Orc:2    | Bought a potion of curing for 30 gold pieces
 21553 | Orc:2    | Found Zegrip's Weapon Boutique.
 21553 | Orc:2    | Found Keijur's Jewellery Boutique.
 21554 | Orc:2    | Found Ridif's General Store.
 21554 | Orc:2    | Found Emyewus's Weapon Emporium.
 21574 | Orc:2    | Bought the ring "Norid" {rF+ EV+5 Stlth+} for 792 gold
                  | pieces
 21697 | Orc:1    | Found a roughly hewn altar of Beogh.
 22001 | D:14     | Found a snail-covered altar of Cheibriados.
 22240 | D:14     | Noticed Snorg
 22253 | D:14     | Killed Snorg
 23053 | D:15     | Entered Level 15 of the Dungeon
 23152 | D:15     | Noticed Nessos
 23155 | D:15     | Killed Nessos
 23156 | D:15     | Reached skill level 15 in Fighting
 23266 | D:15     | Found a staircase to the Depths.
 23292 | D:15     | Your ally Nessos died
 23355 | D:15     | Reached ****** piety under Kikubaaqudgha
 23953 | D:8      | Paralysed by a hornet for 3 turns
 23990 | D:6      | Bought a runed lajatang for 414 gold pieces
 24000 | D:6      | Identified a +3 lajatang of pain (a +1 lajatang of venom
                  | bloodied by Kikubaaqudgha)
 24000 | D:6      | Received a gift from Kikubaaqudgha
 24130 | Snake:1  | Entered Level 1 of the Snake Pit
 24160 | Snake:1  | Found Hiekk's Overcharged Wands.
 24179 | Snake:1  | Reached skill level 1 in Staves
 24261 | Snake:1  | Found a runed translucent gate.
 24421 | Snake:1  | Noticed a nagaraja
 24422 | Snake:1  | Found a runed translucent gate.
 24422 | Snake:1  | Found a runed translucent gate.
 24423 | Snake:1  | Noticed bakla's ghost (journeyman GnCK)
 24725 | Snake:1  | Reached XP level 17. HP: 97/184 MP: 19/36
 24742 | Snake:1  | Reached skill level 5 in Staves
 24963 | Snake:1  | Found Homiw's Antique Weapon Emporium.
 25233 | Snake:2  | Found Xuso's Book Shoppe.
 26157 | Snake:2  | Learned a level 8 spell: Borgnjor's Revivification
 26166 | Snake:2  | Learned a level 7 spell: Haunt
 26325 | Snake:3  | Reached skill level 10 in Staves
 26395 | Snake:3  | Found Wephecs's Superior Scales.
 26971 | Snake:4  | Entered Level 4 of the Snake Pit
 27100 | Snake:4  | Reached XP level 18. HP: 186/198 MP: 23/37
 27594 | Shoals:1 | Entered Level 1 of the Shoals
 27602 | Shoals:1 | Reached skill level 1 in Summonings
 27767 | Shoals:1 | Reached skill level 5 in Summonings
 29509 | Shoals:3 | Noticed Donald
 29511 | Shoals:3 | Identified the serpent talisman "Eruett Yptis" {rC++}
 29511 | Shoals:3 | Noticed Aizul
 29523 | Shoals:3 | Killed Aizul
 29526 | Shoals:3 | Killed Donald
 29695 | Shoals:3 | Noticed Ilsuiw
 29721 | Shoals:3 | Killed Ilsuiw
 30556 | Shoals:4 | Entered Level 4 of the Shoals
 30579 | Shoals:4 | Reached skill level 10 in Summonings
 30585 | Shoals:4 | Found Uruofok's Armour Emporium.
 30601 | Shoals:4 | Reached XP level 19. HP: 200/209 MP: 18/38
 31147 | Shoals:4 | Got a barnacled rune of Zot
 31799 | Vaults:1 | Entered Level 1 of the Vaults
 32652 | Vaults:1 | Learned a level 3 spell: Fugue of the Fallen
 33397 | Vaults:2 | Reached XP level 20. HP: 103/228 MP: 33/39
 33770 | Vaults:2 | Reached skill level 17 in Necromancy
 34565 | Vaults:3 | Reached skill level 18 in Necromancy
 34597 | Vaults:3 | Found a staircase to the Crypt.
 34935 | Vaults:3 | HP: 6/228 [vault warden/+2 glaive of protection (41)]
 35320 | Vaults:3 | Paralysed by a formless jellyfish for 1 turns
 35321 | Vaults:3 | Reached skill level 19 in Necromancy
 35992 | Vaults:3 | Identified the +2 morningstar of Slime {freeze, Will-
                  | Str+7}
 36069 | Vaults:3 | Reached XP level 21. HP: 232/236 MP: 40/40
 36226 | Vaults:4 | Found Otasajaps's Distillery.
 36234 | Vaults:4 | Bought a potion of curing for 57 gold pieces
 36234 | Vaults:4 | Bought a potion of curing for 57 gold pieces
 36234 | Vaults:4 | Bought a potion of curing for 57 gold pieces
 36234 | Vaults:4 | Bought 2 potions of curing for 114 gold pieces
 36234 | Vaults:4 | Bought a potion of curing for 57 gold pieces
 36485 | Vaults:4 | Found a runed translucent gate.
 36485 | Vaults:4 | Found a runed translucent gate.
 36489 | Vaults:4 | Found a runed translucent gate.
 36527 | Vaults:4 | Noticed GnamariM's ghost (adept DECj)
 37957 | Crypt:1  | Entered Level 1 of the Crypt
 38151 | Crypt:1  | Reached skill level 15 in Dodging
 39139 | Crypt:2  | Noticed Jory
 39145 | Crypt:2  | Killed Jory
 39283 | Crypt:2  | Found a radiant altar of Vehumet.
 39286 | Crypt:2  | Found a transporter.
 39659 | Crypt:2  | Reached XP level 22. HP: 242/260 MP: 29/41
 40574 | Crypt:3  | Entered Level 3 of the Crypt
 40794 | Crypt:3  | Found a basalt altar of Yredelemnul.
 40805 | Crypt:3  | Reached skill level 1 in Shapeshifting
 41136 | Crypt:3  | Identified the +8 hand axe of Arainal {venom, rCorr}
 41234 | Crypt:3  | Reached skill level 5 in Shapeshifting
 41244 | Crypt:3  | Got the Discourse on Battle Magic
 41333 | Crypt:3  | Identified the +0 hand axe "Vuzikeuv" {heavy, Str+2 Dex+3}
 41378 | Crypt:3  | Identified the +3 robe of a Gauntlet {rF++ Int+3}
 41378 | Crypt:3  | Noticed Boris
 41399 | Crypt:3  | Killed Boris
 41542 | Crypt:3  | Found a staircase to the Tomb.
 41619 | Crypt:3  | Noticed a profane servitor
 41632 | Crypt:3  | Killed a profane servitor
 41741 | Crypt:3  | Found the +7 sceptre of Torment {pain, torment}
 42649 | Elf:1    | Entered Level 1 of the Elven Halls
 43119 | Elf:1    | Paralysed by an air elemental for 1 turns
 43468 | Elf:1    | Reached skill level 10 in Shapeshifting
 43839 | Elf:1    | Got the Verses on the Charnel House
 43855 | Elf:1    | Learned a level 8 spell: Infestation
 44025 | Elf:2    | Paralysed by an air elemental for 1 turns
 44030 | Elf:2    | Paralysed by an air elemental for 1 turns
 44078 | Elf:3    | Entered Level 3 of the Elven Halls
 44153 | Elf:3    | Learned a level 5 spell: Borgnjor's Vile Clutch
 44278 | Elf:3    | Noticed Saint Roka
 44368 | Elf:3    | Killed Saint Roka
 44369 | Elf:3    | Reached XP level 23. HP: 171/249 MP: 34/42
 44714 | Elf:3    | Identified the +6 battleaxe "Woisias" {drain, rElec}
 44791 | Elf:3    | Identified the +6 rapier of the Saviour {freeze, Str+5}
 44851 | Elf:3    | Identified the +1 morningstar "Ogrebane" {venom, rF+}
 45042 | Elf:3    | Identified the +6 scimitar of Juolual {freeze, rElec rC+++
                  | Str-4 SInv}
 45497 | Elf:3    | Identified the staff of Propriety {rElec rF- rN+ Str-5
                  | Dex+6 Necro}
 45517 | Elf:3    | Identified the +7 spear of Tortured Offence {protect, rC++
                  | Str+3 Stlth-}
 45550 | Elf:3    | Identified the +5 arbalest "Beatty" {penet, rN+ rCorr
                  | Dex+5}
 45908 | Elf:2    | Found Eriar's Jewellery Shop.
 46293 | Elf:2    | Found a runed translucent gate.
 46294 | Elf:2    | Found a runed translucent gate.
 46294 | Elf:2    | Found a runed translucent gate.
 47223 | Snake:4  | Reached skill level 15 in Shapeshifting
 47277 | Snake:4  | Got a serpentine rune of Zot
 48061 | Slime:1  | Entered Level 1 of the Pits of Slime
 48132 | Slime:1  | Reached XP level 24. HP: 278/278 MP: 29/42
 48213 | Slime:1  | Reached skill level 1 in Maces & Flails
 48821 | Slime:3  | Reached skill level 5 in Maces & Flails
 49500 | Slime:4  | Gained mutation: You are dopey. (Int -2) [a shining eye]
 49708 | Slime:4  | Gained mutation: You are very dopey. (Int -4) [a shining
                  | eye]
 49710 | Slime:4  | Gained mutation: You are resistant to electric shocks.
                  | (rElec) [a shining eye]
 49712 | Slime:4  | Lost mutation: You are resistant to electric shocks.
                  | (rElec) [potion of mutation]
 49712 | Slime:4  | Lost mutation: You are very dopey. (Int -4) [potion of
                  | mutation]
 49712 | Slime:4  | Gained mutation: You occasionally shout uncontrollably at
                  | your foes. [potion of mutation]
 49712 | Slime:4  | Gained mutation: Your spells are a little harder to cast,
                  | but a little more powerful. [potion of mutation]
 49712 | Slime:4  | Gained mutation: You occasionally lose the ability to read
                  | scrolls when taking damage. [potion of mutation]
 49712 | Slime:4  | Gained mutation: Your movements are slightly less
                  | encumbered by armour. (ER -2) [potion of mutation]
 49713 | Slime:4  | Lost mutation: You are dopey. (Int -2) [potion of mutation]
 49713 | Slime:4  | Lost mutation: Your spells are a little harder to cast, but
                  | a little more powerful. [potion of mutation]
 49713 | Slime:4  | Lost mutation: You occasionally lose the ability to read
                  | scrolls when taking damage. [potion of mutation]
 49713 | Slime:4  | Gained mutation: You are strong-willed. (Will+) [potion of
                  | mutation]
 49713 | Slime:4  | Gained mutation: You occasionally lose the ability to read
                  | scrolls when taking damage. [potion of mutation]
 49713 | Slime:4  | Gained mutation: You are resistant to electric shocks.
                  | (rElec) [potion of mutation]
 49714 | Slime:4  | Lost mutation: You occasionally lose the ability to read
                  | scrolls when taking damage. [potion of mutation]
 49714 | Slime:4  | Lost mutation: You are strong-willed. (Will+) [potion of
                  | mutation]
 49714 | Slime:4  | Gained mutation: Your body sometimes deteriorates upon
                  | taking damage. [potion of mutation]
 49714 | Slime:4  | Gained mutation: You are partially covered in iridescent
                  | scales. (AC +2) [potion of mutation]
 49715 | Slime:4  | Lost mutation: You are partially covered in iridescent
                  | scales. (AC +2) [potion of mutation]
 49715 | Slime:4  | Lost mutation: You occasionally shout uncontrollably at
                  | your foes. [potion of mutation]
 49715 | Slime:4  | Lost mutation: Your body sometimes deteriorates upon taking
                  | damage. [potion of mutation]
 49715 | Slime:4  | Gained mutation: You have supernaturally acute eyesight.
                  | (SInv) [potion of mutation]
 49715 | Slime:4  | Gained mutation: You expend magic power (3 MP) to
                  | strengthen your wands. [potion of mutation]
 49715 | Slime:4  | Gained mutation: You are covered in fur. (AC +1) [potion of
                  | mutation]
 49999 | Slime:3  | Reached skill level 10 in Maces & Flails
 50117 | Slime:5  | Entered Level 5 of the Pits of Slime
 50235 | Slime:5  | Noticed the Royal Jelly
 50348 | Slime:5  | Found a viscous altar of Jiyva.
 50590 | Slime:5  | Killed the Royal Jelly
 50639 | Slime:5  | Identified the staff of Nare {Conj Summ Tloc Fire}
 50653 | Slime:5  | Got the Handbook of the Mortuary and the Nimbus
 50656 | Slime:5  | Identified the +3 morningstar "Agiphu" {heavy, rC+ Str+3}
 50683 | Slime:5  | Identified the +0 pair of boots of Love and Death {rC+}
 50704 | Slime:5  | Identified the ring of Goexin {rPois MP+9 Str+3}
 50706 | Slime:5  | Got a slimy rune of Zot
 50769 | Slime:5  | Learned a level 7 spell: Rimeblight
 50795 | Slime:5  | Identified the +7 hand axe of Magnificence {vamp, *Noise
                  | rF+ Will++}
 51261 | Vaults:5 | Entered Level 5 of the Vaults
 51387 | Vaults:5 | Reached skill level 1 in Ice Magic
 51470 | Vaults:5 | Reached skill level 5 in Ice Magic
 51574 | Vaults:5 | Found Tilumymo's Distillery.
 51578 | Vaults:5 | Found Guosaneu's Distillery.
 51586 | Vaults:5 | Got a silver rune of Zot
 51594 | Vaults:5 | Bought a potion of experience for 1200 gold pieces
 51594 | Vaults:5 | Reached XP level 25. HP: 287/287 MP: 42/42
 51602 | Vaults:5 | Bought a potion of curing for 45 gold pieces
 51602 | Vaults:5 | Bought a potion of curing for 45 gold pieces
 51602 | Vaults:5 | Bought a potion of heal wounds for 75 gold pieces
 51602 | Vaults:5 | Bought a potion of haste for 150 gold pieces
 51602 | Vaults:5 | Bought a potion of curing for 45 gold pieces
 51737 | Vaults:5 | araganzar: ??oni
 51737 | Vaults:5 | beem: oni[1/1]: Like the old ogre playable species, they
                  | are large and have incredible hp but limited equipment
                  | slots. Unlike ogres, they have horns, gain double health
                  | and magic from potions and attack all adjacent enemies
                  | after drinking a potion that restores these! Can wield the
                  | infamous giant spiked club. (now with +0 m&f aptitude)
 51755 | Vaults:5 | araganzar: !apt oni
 51756 | Vaults:5 | beem: On: Fighting: 3, Short: -1, Long: -1, Axes: 0, Maces:
                  | 0, Polearms: 0, Staves: 0, Ranged: -3, Throw: 0, Armour:
                  | -1, Dodge: -1, Stealth: -2, Shields: -1, UC: -1, Splcast:
                  | 1, Conj: -1, Hexes: -1, Summ: -1, Nec: -1, Tloc: -1, Alch:
                  | -1, Fire: -1, Ice: -1, Air: -1, Earth: -1, Inv: 2, Evo: -2,
                  | Shape: -1, Exp: 0, HP: 3!, MP: 0
 51768 | Vaults:5 | Identified the +3 ring mail of Pride {+Blink rF+}
 51770 | Vaults:5 | Reached XP level 26. HP: 276/296 MP: 30/42
 52022 | Vaults:5 | Identified the +5 spear of Etysch {heavy, Stlth+}
 52199 | Vaults:5 | Noticed a dread lich
 52206 | Vaults:5 | Paralysed by a dread lich for 5 turns
 52211 | Vaults:5 | Killed a dread lich
 52250 | Vaults:5 | Reached skill level 10 in Ice Magic
 52450 | Vaults:5 | Identified the staff "Lotzi" {rElec rN+ Fire Air}
 52569 | Vaults:5 | Noticed a dread lich
 52605 | Vaults:4 | Killed a dread lich
 52863 | Vaults:5 | Got the Encyclopedia of the Undead Ouroboros
 53170 | Vaults:5 | Found Ynkiosh's Magic Scroll Boutique.
 53177 | Vaults:5 | Bought a scroll of blinking for 90 gold pieces
 53177 | Vaults:5 | Bought a scroll of blinking for 90 gold pieces
 53187 | Vaults:5 | Found Paeck's Magic Scroll Emporium.
 53192 | Vaults:5 | Bought a scroll of enchant armour for 127 gold pieces
 53212 | Vaults:5 | Found Hotrusyi's Magic Scroll Shoppe.
 53212 | Vaults:5 | Found Dylapad's Magic Scroll Boutique.
 53217 | Vaults:5 | Bought a scroll of enchant armour for 142 gold pieces
 53224 | Vaults:5 | Bought a scroll of blinking for 90 gold pieces
 53224 | Vaults:5 | Bought a scroll of blinking for 90 gold pieces
 54118 | Depths:1 | Entered Level 1 of the Depths
 54290 | Depths:1 | Noticed Asterion
 54302 | Depths:1 | Gained mutation: You occasionally shout uncontrollably at
                  | your foes. [a cacodemon]
 54482 | Depths:1 | Found Dof Fom's Gadget Gallery.
 54503 | Depths:1 | Found a gateway to Hell.
 54565 | Depths:1 | Noticed Mara
 54572 | Depths:1 | Killed Asterion
 55032 | Depths:1 | Noticed RBrandon's illusion
 55204 | Depths:1 | Killed Mara
 55548 | Depths:2 | Identified the +3 robe "Tuel" {Will+ Str+4}
 55548 | Depths:2 | Noticed Boris
 55553 | Depths:2 | Killed Boris
 55554 | Depths:2 | Reached skill level 1 in Shields
 55609 | Depths:2 | Reached XP level 27. HP: 206/305 MP: 20/42
 55723 | Depths:2 | Reached skill level 5 in Shields
 55747 | Depths:2 | Identified the +4 halberd "Botiloig" {venom, rElec rF++
                  | Dex+3 Stlth-}
 55973 | Depths:2 | Found Qeffim's Jewellery Shop.
 55976 | Depths:2 | Found Ystrakoo's Antique Armour Boutique.
 55978 | Depths:2 | Found Qeyhes's Antique Armour Shop.
 56165 | Depths:2 | Found a one-way gate leading to the halls of Pandemonium.
 56249 | Depths:2 | Found a glowing silver altar of Zin.
 56249 | Depths:2 | Found a white marble altar of Elyvilon.
 56249 | Depths:2 | Found a glowing golden altar of the Shining One.
 56297 | Depths:2 | Found a one-way gateway to a ziggurat.
 56564 | Depths:2 | Identified the staff "Zugu" {rPois Str-3 Int+3 Summ
                  | Alchemy}
 56567 | Depths:2 | Identified the +1 mace of the Apocalypse {antimagic, *Slow
                  | Dex+6}
 56568 | Depths:2 | Identified the +5 broad axe "Ocateots" {heavy, rPois}
 56569 | Depths:2 | Identified the ring of Beugrix {rElec rC+ MP+9 Int-3 SInv}
 56650 | Depths:2 | Found Irihor's Pet Rocks.
 57233 | Depths:3 | Found a corrupted altar of Lugonu.
 57236 | Depths:3 | Found a one-way gate to the infinite horrors of the Abyss.
 57313 | Depths:3 | Reached skill level 10 in Shields
 57738 | Depths:3 | Identified the +2 dagger of Xozxo {freeze, rC+++ Will+
                  | Dex-3 Stlth+}
 58132 | Depths:4 | Entered Level 4 of the Depths
 58210 | Depths:4 | Found a gate to the Realm of Zot.
 58275 | Depths:4 | Found a runed translucent gate.
 58276 | Depths:4 | Found a runed translucent gate.
 58277 | Depths:4 | Found a runed translucent gate.
 58321 | Depths:4 | Identified the +1 leather armour of the Fletcher {rCorr
                  | Str+3}
 58726 | Depths:4 | Noticed an ancient lich
 58726 | Depths:4 | Noticed Gumuy's ghost (adept MiHu)
 58727 | Depths:4 | Found an ancient bone altar of Kikubaaqudgha.
 58727 | Depths:4 | Found the +4 robe of Folly {Brill Will-∞ Int+8}
 58877 | Zot:1    | Entered Level 1 of the Realm of Zot
 59124 | Zot:1    | Noticed an orb of fire
 59125 | Zot:1    | Gained mutation: Armour fits poorly on your strangely
                  | shaped body. [an orb of fire]
 59126 | Zot:1    | Identified the ring "Qailet" {Ice rN+ Will++ Stlth+}
 59126 | Zot:1    | Noticed Josephina
 59272 | Zot:1    | Killed Josephina
 59419 | Zot:1    | Gained mutation: Your body sometimes deteriorates upon
                  | taking damage. [an orb of fire]
 59424 | Zot:1    | Gained mutation: You have hidden genetic defects. [an orb
                  | of fire]
 59437 | Zot:1    | Lost mutation: You expend magic power (3 MP) to strengthen
                  | your wands. [an orb of fire]
 59440 | Zot:1    | Gained mutation: You are dopey. (Int -2) [an orb of fire]
 59444 | Zot:1    | Gained mutation: You are frail. (-10% HP) [an orb of fire]
 59449 | Zot:1    | Killed an orb of fire
 59555 | Zot:1    | Lost mutation: You are covered in fur. (AC +1) [potion of
                  | mutation]
 59555 | Zot:1    | Lost mutation: Your body sometimes deteriorates upon taking
                  | damage. [potion of mutation]
 59555 | Zot:1    | Lost mutation: You have hidden genetic defects. [potion of
                  | mutation]
 59556 | Zot:1    | Lost mutation: You are dopey. (Int -2) [potion of mutation]
 59556 | Zot:1    | Lost mutation: You are frail. (-10% HP) [potion of
                  | mutation]
 59556 | Zot:1    | Lost mutation: You are resistant to electric shocks.
                  | (rElec) [potion of mutation]
 59556 | Zot:1    | Gained mutation: You expend magic power (3 MP) to
                  | strengthen your wands. [potion of mutation]
 59556 | Zot:1    | Gained mutation: You are somewhat resistant to further
                  | mutation. [potion of mutation]
 59706 | Zot:1    | Reached skill level 20 in Necromancy
 59755 | Zot:1    | You fall into a shaft and drop 1 floor!
 60533 | Zot:3    | Reached skill level 21 in Necromancy
 60697 | Zot:3    | Identified the +1 robe of Ynkopnae {Int+2}
 61570 | Zot:4    | Reached skill level 22 in Necromancy
 62222 | Zot:5    | Entered Level 5 of the Realm of Zot
 62624 | Zot:5    | Reached skill level 23 in Necromancy
 62635 | Zot:5    | Noticed a dread lich
 62639 | Zot:5    | Killed a dread lich
 62849 | Zot:5    | Noticed an orb of fire
 62850 | Zot:5    | Noticed an ancient lich
 62871 | Zot:5    | Killed an orb of fire
 62876 | Zot:5    | Killed an ancient lich
 62920 | Zot:5    | Noticed an orb of fire
 62934 | Zot:5    | Killed an orb of fire
 62935 | Zot:5    | Reached skill level 24 in Necromancy
 63113 | Zot:5    | Got the Orb of Zot
 63117 | Zot:5    | Noticed Antiysk the pandemonium lord
 63125 | Zot:5    | Killed Antiysk the pandemonium lord
 63127 | Zot:5    | Noticed an orb of fire
 63210 | Zot:4    | Noticed Hiyv the pandemonium lord
 63227 | Zot:3    | Killed Hiyv the pandemonium lord
 63228 | Zot:3    | Reached skill level 25 in Necromancy
 63254 | Zot:2    | Noticed Maocres the pandemonium lord
 63287 | Zot:1    | Noticed a seraph
 63294 | Zot:1    | Killed a seraph
 63503 | Depths:2 | Noticed Teitsodu the pandemonium lord
 63535 | D:15     | Noticed Meteasma the pandemonium lord
 63540 | D:15     | Killed Meteasma the pandemonium lord
 63822 | D:1      | Noticed a seraph
 63829 | D:1      | Killed a seraph
 63903 | D:1      | RBrandon: !title kiku
 63903 | D:1      | RBrandon: ??kiku title
 63903 | D:1      | beem: I don't have a page labeled kiku_title in my learndb.
 63903 | D:1      | beem: kiku: cannot understand kiku.
 63915 | D:$      | Escaped with the Orb!

Illustrated notes

Levels and vault maps discovered:
D:1:      kilobyte_arrival_exit_the_forest, layout_basic,
          grunt_decor_mini_mirrors, minmay_strange_pillars
D:2:      cheibrodos_greedy_goblins, layout_rooms, st_stairs_5, uniq_jessica,
          uniq_crazy_yiuf_cottage
D:3:      layout_rooms
D:4:      layout_basic, nicolae_overflow_macrodata_refinement,
          general_overflow_altar, mainiacjoe_overflow_24_doors,
          nicolae_uskayaw_en_pointe, chequers_jeans
D:5:      layout_basic, uniq_eustachio
D:6:      layout_cave_pools, serial_shops, nicolae_shop_gibbet_a_chance,
          nicolae_shop_crystal, uniq_prince_ribbit1
D:7:      layout_rooms, minmay_temple_entry_hall, uniq_pikel, uniq_menkaure
D:8:      cheibrodos_ideogram_h, layout_basic, xom_butterflies,
          einodemon_armed_red_devil_minivault
D:9:      layout_roguey
D:10:     minmay_blocky_corners, layout_rooms, david_lair_generic, uniq_erica
D:11:     layout_roguey, portal_ice_cave_entry_pillars_2,
          dreamdust_wishing_well, bh_hangedman_babel_library, uniq_erolcha
D:12:     layout_rooms, orc_0_dummy, gammafunk_ghost_mausoleum
D:13:     layout_roguey, david_vaults_4
D:14:     layout_loops_ring, serial_glass, glass_columns_c, glass_columns_b,
          minmay_strange_pillars, due_unseen_surprise, feat_on_display,
          slow_altar_1, uniq_snorg
D:15:     gammafunk_depths_entry_grave, layout_rooms, serial_aquarium,
          aquarium_bridge_island_small [aquarium_subvault_small_open,
          aquarium_subvault_balcony, aquarium_subvault_wall,
          aquarium_subvault_wall, aquarium_subvault_bridge],
          aquarium_window_corner, aquarium_window_2, aquarium_window_fake,
          aquarium_window_2, aquarium_view_2f, aquarium_view_2b,
          solitary_fountain, uniq_nessos
Lair:1:   layout_hall_layers, grunt_megastairs_5, uniq_fannar
Lair:2:   layout_layer_cave, nicolae_snake_entry_warm_welcome,
          beast_lair_carwin_1
Lair:3:   layout_gridlike, mainiacjoe_shoals_entry_four_pools,
          serial_bayou_pond_b
Lair:4:   layout_roguey, worms_lemuel, uniq_kirke
Lair:5:   guppyfry_lair_end_dragon, layout_regular_city,
          hangedman_lair_tendril_chambers, slime_entry_1
Shoals:1: cheibrodos_shoals_oceanic_diplomacy, layout_shoals
Shoals:2: layout_shoals, nicolae_shoals_former_cling_halls
Shoals:3: layout_shoals, uniq_ilsuiw, uniq_aizul, uniq_donald
Shoals:4: shoals_end_grunt_ice, layout_shoals, serial_shops,
          nicolae_shop_mannequins
Snake:1:  layout_misc_corridors, gammafunk_ghost_split, serial_shops,
          nicolae_shop_peninsula, nicolae_shop_overcharged_wands
Snake:2:  layout_gridlike, serial_shops, shop
Snake:3:  layout_rooms, hellmonk_scale_shop, nicolae_triple_integral
Snake:4:  grunt_snake_rune_pools, layout_cave_town, grunt_megastairs_4
Slime:1:  layout_caves
Slime:2:  layout_caves, cheibrodos_slime_lost_civilization_5
Slime:3:  layout_caves
Slime:4:  layout_caves
Slime:5:  slime_pit_nicolae_trefoil
Orc:1:    layout_caves, serial_shops, nicolae_shop_drivethru, shop,
          nicolae_shop_tiny_statue_garden, shop, nicolae_shop_tiny_waterfront,
          basic_altar
Orc:2:    st_orc_elflike, layout_caves, serial_shops, shop, shop,
          nicolae_shop_real_fake_doors
Elf:1:    nicolae_elf_arrival_no_cutting_in_line, layout_geoelf_grid,
          minmay_elf_necromancy, drop_trap
Elf:2:    nicolae_elf_blades_crystal_corner, layout_loops_ring, serial_shops,
          shop
Elf:3:    elf_hall, layout_geoelf_diagonals, uniq_saint_roka
Vaults:1: vaults_mumra_hex, ontoclasm_vaults_ring_small,
          nicolae_vaults_back_hallway, nicolae_vaults_more_shelving_2,
          nicolae_vaults_little_ls, nicolae_vaults_twisting_passages,
          nicolae_vaults_apartment_2, nicolae_vaults_mini_display_case,
          nicolae_vaults_three_branches, nicolae_vaults_crenellated_ambush,
          layout_vaults_maze_snakey
Vaults:2: nicolae_vaults_murder_corner, vaults_room_door_hall, v_pattern_4,
          v_rooms_3, vaults_standard_mumra_enter_the_diamond,
          nicolae_vaults_specimen_jars, v_misc_17, nicolae_vaults_tetromino_L_1,
          nicolae_vaults_trapezoid_lopsided_3, layout_vaults_big_room
Vaults:3: st_octagons_1, v_alt_pattern_4, nicolae_vaults_meiosis,
          v_alt_pattern_3, minmay_crypt_entry_simple_box,
          nicolae_vaults_closet_pinwheel_5, nicolae_vaults_trapezoid_lopsided_1,
          nicolae_vaults_closet_pinwheel_5, hangedman_vaults_cutoff,
          vaults_room_door_hall, ontoclasm_vaults_twist,
          vaults_dpeg_emergency_exit, nicolae_vaults_ring_of_whatevers,
          nicolae_vaults_diamond_1, layout_vaults_ring
Vaults:4: ebering_ghost_rock_garden, v_pattern_1,
          vaults_standard_mumra_enter_the_diamond, grunt_vaults_focal,
          nicolae_vaults_sesquioval_fish, v_misc_12,
          nicolae_vaults_fighting_squares, vaults_room_grunt_arrival_checkpoint,
          vaults_dpeg_hooks, layout_vaults_omnicross, serial_shops, shop
Vaults:5
Crypt:1:  layout_regular_city, grunt_crypt_arrival_split
Crypt:2:  gammafunk_sealed_library, layout_catacombs, st_stairs_8, uniq_jory
Crypt:3:  grunt_crypt_end_deaths_head, uniq_boris
Depths:1: layout_basic, minmay_misc_feat_doors, hell_entry,
          nicolae_shop_gadgets, uniq_asterion, uniq_mara
Depths:2: minmay_the_grid_triangle_9x9_rhombus_full_mashed
          [minmay_the_grid_triangle_9x9_sparse_checkered,
          minmay_the_grid_triangle_9x9_thin_v,
          minmay_the_grid_triangle_9x9_windchime,
          minmay_the_grid_triangle_9x9_alien,
          minmay_the_grid_triangle_9x9_dagger,
          minmay_the_grid_triangle_9x9_semitri,
          minmay_the_grid_triangle_9x9_minimal,
          minmay_the_grid_triangle_9x9_prize_schism], layout_cave_shapes,
          ziggurat_fallback, good_gods_mini_temple, rand_demon_pan_entry_4,
          hell_entry, guppyfry_shop_earth, minmay_shop_star
Depths:3: minmay_inner_zag, layout_basic, abyss_entry_flame_altar,
          serial_sigils_hangedman_writhe, hell_entry, st_stairs_2,
          nicolae_keep_em_comin
Depths:4: evilmike_zot_entry_basic, layout_basic, pf_hell_entry_tar_spiral,
          hex_tiny, gammafunk_ghost_crypt, kennysheep_random_hallway
Zot:1:    layout_cellular_growth, lemuel_baited_zot_trap, guppyfry_library_mini,
          uniq_josephina
Zot:2:    layout_gridlike
Zot:3:    layout_onion
Zot:4:    layout_gridlike, regret_index_zotdec_twisting_globes
Zot:5:    layout_cathedral_of_symmetry, regret_index_zotdec_onion_hex

Skill      XL: |  1  2  3  4  5  6  7  8  9 10 11 12 13 14 15 16 17 18 19 20 21 22 23 24 25 26 27 |
---------------+----------------------------------------------------------------------------------+-----
Conjurations   | 1 2 3 |  3.5
Alchemy        | 1 2 |  2.0
Air Magic      | 1 2 |  2.0
Necromancy     | 2 3 6 7 9 10 12 16 19 25 | 25.7
Spellcasting   | 7 8 9 12 15 | 15.0
Dodging        | 2 6 9 10 12 13 14 16 17 | 17.7
Hexes          | 4 |  4.0
Fighting       | 4 10 11 12 15 16 17 19 23 | 23.1
Staves         | 4 11 | 11.3
Summonings     | 10 | 10.6
Shapeshifting  | 10 15 16 17 18 | 18.1
Maces & Flails | 14 | 14.7
Ice Magic      | 6 7 10 | 10.7
Shields        | 4 14 | 14.8
Stealth        | |  1.4
Translocations | |  0.9

Action                     |  1- 3 |  4- 6 |  7- 9 | 10-12 | 13-15 | 16-18 | 19-21 | 22-24 | 25-27 || total
---------------------------+-------+-------+-------+-------+-------+-------+-------+-------+-------++-------
  Melee: Dagger            |    16 |   130 |   233 |    51 |       |       |       |       |       ||   430
         Headbutt          |     2 |    21 |    52 |    42 |    96 |   138 |   195 |   216 |   446 ||  1208
         Quarterstaff      |       |       |       |   145 |   278 |   250 |       |       |       ||   673
         Staff             |       |       |       |       |    43 |       |     2 |     7 |     1 ||    53
         Lajatang          |       |       |       |       |       |   377 |   641 |   622 |       ||  1640
         Eveningstar       |       |       |       |       |       |       |       |   251 |  1408 ||  1659
   Cast: Magic Dart        |    63 |   101 |    65 |    14 |       |       |       |       |       ||   243
         Cigotuvi's Dreadf |       |     1 |     1 |       |       |       |       |       |       ||     2
         Mephitic Cloud    |       |       |     1 |       |       |       |       |       |       ||     1
         Vampiric Draining |       |       |    27 |    38 |    61 |    66 |     5 |     1 |       ||   198
         Animate Dead      |       |       |     3 |     6 |    11 |    27 |    14 |       |       ||    61
         Curse of Agony    |       |       |     7 |    12 |    10 |     6 |     1 |       |       ||    36
         Anguish           |       |       |       |    76 |    78 |   111 |    59 |     2 |    10 ||   336
         Sublimation of Bl |       |       |       |     5 |    11 |    13 |    37 |    53 |       ||   119
         Death Channel     |       |       |       |       |    21 |    44 |    30 |     2 |    28 ||   125
         Dispel Undead     |       |       |       |       |    17 |    15 |   117 |   167 |    36 ||   352
         Haunt             |       |       |       |       |       |     5 |    34 |    20 |    16 ||    75
         Fugue of the Fall |       |       |       |       |       |       |     2 |       |       ||     2
         Infestation       |       |       |       |       |       |       |       |    42 |    40 ||    82
         Borgnjor's Vile C |       |       |       |       |       |       |       |    16 |     4 ||    20
         Rimeblight        |       |       |       |       |       |       |       |     3 |    79 ||    82
 Invoke: Unearth Wretches  |       |       |       |     2 |     8 |     5 |     4 |     4 |    24 ||    47
         Brand Weapon With |       |       |       |       |       |     1 |       |       |       ||     1
  Evoke: Wand              |       |       |     5 |    16 |     2 |     1 |       |     2 |       ||    26
         Sack of spiders   |       |       |       |       |       |       |       |     1 |       ||     1
    Use: Scroll            |       |     4 |     5 |    15 |     9 |    14 |     3 |    11 |    15 ||    76
         Potion            |       |     2 |     2 |       |     3 |    10 |     5 |    16 |    21 ||    59
   Stab: Invisible         |       |     2 |       |       |       |       |       |       |       ||     2
         Sleeping          |       |       |     1 |       |       |     2 |     2 |     5 |     3 ||    13
         Paralysed         |       |       |       |     5 |     2 |     2 |       |       |     1 ||    10
         Distracted        |       |       |       |       |     2 |     7 |     7 |     4 |    13 ||    33
 Armour: Robe              |    16 |    69 |   217 |   261 |   100 |       |       |       |       ||   663
         Acid dragon scale |       |       |       |       |   370 |   154 |       |       |       ||   524
         Troll leather arm |       |       |       |       |       |   515 |   702 |   571 |       ||  1788
         Skin              |       |       |       |       |       |       |       |   471 |  2023 ||  2494
  Dodge: Dodged            |     7 |   104 |   202 |   310 |   498 |   943 |   831 |   938 |  1827 ||  5660
         Repelled          |       |       |       |       |     8 |    81 |     4 |       |   206 ||   299
  Block: Kite shield       |       |       |       |       |       |       |       |       |  1047 ||  1047
   Form: Statue            |       |       |       |       |       |       |       |     1 |       ||     1

Table legend: (Time is in decaauts)
 A = Elapsed time spent in this place.
 B = Non-inter-level travel time spent in this place.
 C = Inter-level travel time spent in this place.
 D = Time resting spent in this place.
 E = Time spent auto-exploring this place.
 F = Levels seen in this place.
 G = Mean time per level.
                   A        B        C        D        E       F      G
               +--------+--------+--------+--------+--------+-----+--------+
         Total |  71614 |  65361 |   6253 |   9049 |  35837 |  56 | 1278.8 |
       Dungeon |  15524 |  13516 |   2008 |   1565 |   8343 |  15 | 1034.9 |
          Lair |   8179 |   7255 |    924 |   1607 |   4013 |   5 | 1635.8 |
        Shoals |   3565 |   3293 |    272 |    487 |   1444 |   4 |  891.2 |
     Snake Pit |   4593 |   4208 |    385 |    469 |   2177 |   4 | 1148.2 |
    Slime Pits |   4242 |   3992 |    250 |    406 |   2352 |   5 |  848.4 |
  Orcish Mines |   2507 |   2255 |    252 |    538 |   1110 |   2 | 1253.5 |
   Elven Halls |   4521 |   3864 |    657 |    440 |   1851 |   3 | 1507.0 |
        Vaults |   9870 |   9064 |    806 |   1272 |   4707 |   5 | 1974.0 |
         Crypt |   4545 |   4339 |    206 |    555 |   2384 |   3 | 1515.0 |
        Depths |   7112 |   6814 |    298 |    874 |   3970 |   4 | 1778.0 |
           Zot |   6632 |   6441 |    191 |    667 |   3485 |   5 | 1326.4 |
      Ice Cave |    317 |    317 |      0 |    165 |      0 |   1 |  317.0 |
               +--------+--------+--------+--------+--------+-----+--------+

Top non-repeatable levels by time:
Vaults:5: 2982 daAuts
Depths:2: 2303 daAuts
Depths:1: 2114 daAuts
  Lair:2: 2076 daAuts
Vaults:4: 1966 daAuts
   Elf:3: 1918 daAuts
 Crypt:3: 1863 daAuts
Vaults:3: 1803 daAuts
    D:10: 1779 daAuts
  Lair:5: 1773 daAuts
Vaults:1: 1754 daAuts
   Elf:1: 1670 daAuts
  Lair:1: 1665 daAuts
   Orc:2: 1658 daAuts
   Zot:4: 1586 daAuts

Levels and vault maps discovered:
D:1:      kilobyte_arrival_exit_the_forest, layout_basic,
          grunt_decor_mini_mirrors, minmay_strange_pillars
D:2:      cheibrodos_greedy_goblins, layout_rooms, st_stairs_5, uniq_jessica,
          uniq_crazy_yiuf_cottage
D:3:      layout_rooms
D:4:      layout_basic, nicolae_overflow_macrodata_refinement,
          general_overflow_altar, mainiacjoe_overflow_24_doors,
          nicolae_uskayaw_en_pointe, chequers_jeans
D:5:      layout_basic, uniq_eustachio
D:6:      layout_cave_pools, serial_shops, nicolae_shop_gibbet_a_chance,
          nicolae_shop_crystal, uniq_prince_ribbit1
D:7:      layout_rooms, minmay_temple_entry_hall, uniq_pikel, uniq_menkaure
D:8:      cheibrodos_ideogram_h, layout_basic, xom_butterflies,
          einodemon_armed_red_devil_minivault
D:9:      layout_roguey
D:10:     minmay_blocky_corners, layout_rooms, david_lair_generic, uniq_erica
D:11:     layout_roguey, portal_ice_cave_entry_pillars_2,
          dreamdust_wishing_well, bh_hangedman_babel_library, uniq_erolcha
D:12:     layout_rooms, orc_0_dummy, gammafunk_ghost_mausoleum
D:13:     layout_roguey, david_vaults_4
D:14:     layout_loops_ring, serial_glass, glass_columns_c, glass_columns_b,
          minmay_strange_pillars, due_unseen_surprise, feat_on_display,
          slow_altar_1, uniq_snorg
D:15:     gammafunk_depths_entry_grave, layout_rooms, serial_aquarium,
          aquarium_bridge_island_small [aquarium_subvault_small_open,
          aquarium_subvault_balcony, aquarium_subvault_wall,
          aquarium_subvault_wall, aquarium_subvault_bridge],
          aquarium_window_corner, aquarium_window_2, aquarium_window_fake,
          aquarium_window_2, aquarium_view_2f, aquarium_view_2b,
          solitary_fountain, uniq_nessos
Lair:1:   layout_hall_layers, grunt_megastairs_5, uniq_fannar
Lair:2:   layout_layer_cave, nicolae_snake_entry_warm_welcome,
          beast_lair_carwin_1
Lair:3:   layout_gridlike, mainiacjoe_shoals_entry_four_pools,
          serial_bayou_pond_b
Lair:4:   layout_roguey, worms_lemuel, uniq_kirke
Lair:5:   guppyfry_lair_end_dragon, layout_regular_city,
          hangedman_lair_tendril_chambers, slime_entry_1
Shoals:1: cheibrodos_shoals_oceanic_diplomacy, layout_shoals
Shoals:2: layout_shoals, nicolae_shoals_former_cling_halls
Shoals:3: layout_shoals, uniq_ilsuiw, uniq_aizul, uniq_donald
Shoals:4: shoals_end_grunt_ice, layout_shoals, serial_shops,
          nicolae_shop_mannequins
Snake:1:  layout_misc_corridors, gammafunk_ghost_split, serial_shops,
          nicolae_shop_peninsula, nicolae_shop_overcharged_wands
Snake:2:  layout_gridlike, serial_shops, shop
Snake:3:  layout_rooms, hellmonk_scale_shop, nicolae_triple_integral
Snake:4:  grunt_snake_rune_pools, layout_cave_town, grunt_megastairs_4
Slime:1:  layout_caves
Slime:2:  layout_caves, cheibrodos_slime_lost_civilization_5
Slime:3:  layout_caves
Slime:4:  layout_caves
Slime:5:  slime_pit_nicolae_trefoil
Orc:1:    layout_caves, serial_shops, nicolae_shop_drivethru, shop,
          nicolae_shop_tiny_statue_garden, shop, nicolae_shop_tiny_waterfront,
          basic_altar
Orc:2:    st_orc_elflike, layout_caves, serial_shops, shop, shop,
          nicolae_shop_real_fake_doors
Elf:1:    nicolae_elf_arrival_no_cutting_in_line, layout_geoelf_grid,
          minmay_elf_necromancy, drop_trap
Elf:2:    nicolae_elf_blades_crystal_corner, layout_loops_ring, serial_shops,
          shop
Elf:3:    elf_hall, layout_geoelf_diagonals, uniq_saint_roka
Vaults:1: vaults_mumra_hex, ontoclasm_vaults_ring_small,
          nicolae_vaults_back_hallway, nicolae_vaults_more_shelving_2,
          nicolae_vaults_little_ls, nicolae_vaults_twisting_passages,
          nicolae_vaults_apartment_2, nicolae_vaults_mini_display_case,
          nicolae_vaults_three_branches, nicolae_vaults_crenellated_ambush,
          layout_vaults_maze_snakey
Vaults:2: nicolae_vaults_murder_corner, vaults_room_door_hall, v_pattern_4,
          v_rooms_3, vaults_standard_mumra_enter_the_diamond,
          nicolae_vaults_specimen_jars, v_misc_17, nicolae_vaults_tetromino_L_1,
          nicolae_vaults_trapezoid_lopsided_3, layout_vaults_big_room
Vaults:3: st_octagons_1, v_alt_pattern_4, nicolae_vaults_meiosis,
          v_alt_pattern_3, minmay_crypt_entry_simple_box,
          nicolae_vaults_closet_pinwheel_5, nicolae_vaults_trapezoid_lopsided_1,
          nicolae_vaults_closet_pinwheel_5, hangedman_vaults_cutoff,
          vaults_room_door_hall, ontoclasm_vaults_twist,
          vaults_dpeg_emergency_exit, nicolae_vaults_ring_of_whatevers,
          nicolae_vaults_diamond_1, layout_vaults_ring
Vaults:4: ebering_ghost_rock_garden, v_pattern_1,
          vaults_standard_mumra_enter_the_diamond, grunt_vaults_focal,
          nicolae_vaults_sesquioval_fish, v_misc_12,
          nicolae_vaults_fighting_squares, vaults_room_grunt_arrival_checkpoint,
          vaults_dpeg_hooks, layout_vaults_omnicross, serial_shops, shop
Vaults:5
Crypt:1:  layout_regular_city, grunt_crypt_arrival_split
Crypt:2:  gammafunk_sealed_library, layout_catacombs, st_stairs_8, uniq_jory
Crypt:3:  grunt_crypt_end_deaths_head, uniq_boris
Depths:1: layout_basic, minmay_misc_feat_doors, hell_entry,
          nicolae_shop_gadgets, uniq_asterion, uniq_mara
Depths:2: minmay_the_grid_triangle_9x9_rhombus_full_mashed
          [minmay_the_grid_triangle_9x9_sparse_checkered,
          minmay_the_grid_triangle_9x9_thin_v,
          minmay_the_grid_triangle_9x9_windchime,
          minmay_the_grid_triangle_9x9_alien,
          minmay_the_grid_triangle_9x9_dagger,
          minmay_the_grid_triangle_9x9_semitri,
          minmay_the_grid_triangle_9x9_minimal,
          minmay_the_grid_triangle_9x9_prize_schism], layout_cave_shapes,
          ziggurat_fallback, good_gods_mini_temple, rand_demon_pan_entry_4,
          hell_entry, guppyfry_shop_earth, minmay_shop_star
Depths:3: minmay_inner_zag, layout_basic, abyss_entry_flame_altar,
          serial_sigils_hangedman_writhe, hell_entry, st_stairs_2,
          nicolae_keep_em_comin
Depths:4: evilmike_zot_entry_basic, layout_basic, pf_hell_entry_tar_spiral,
          hex_tiny, gammafunk_ghost_crypt, kennysheep_random_hallway
Zot:1:    layout_cellular_growth, lemuel_baited_zot_trap, guppyfry_library_mini,
          uniq_josephina
Zot:2:    layout_gridlike
Zot:3:    layout_onion
Zot:4:    layout_gridlike, regret_index_zotdec_twisting_globes
Zot:5:    layout_cathedral_of_symmetry, regret_index_zotdec_onion_hex

Table legend: (Time is in decaauts)
 A = Elapsed time spent in this place.
 B = Non-inter-level travel time spent in this place.
 C = Inter-level travel time spent in this place.
 D = Time resting spent in this place.
 E = Time spent auto-exploring this place.
 F = Levels seen in this place.
 G = Mean time per level.
                   A        B        C        D        E       F      G
               +--------+--------+--------+--------+--------+-----+--------+
         Total |  71614 |  65361 |   6253 |   9049 |  35837 |  56 | 1278.8 |
       Dungeon |  15524 |  13516 |   2008 |   1565 |   8343 |  15 | 1034.9 |
          Lair |   8179 |   7255 |    924 |   1607 |   4013 |   5 | 1635.8 |
        Shoals |   3565 |   3293 |    272 |    487 |   1444 |   4 |  891.2 |
     Snake Pit |   4593 |   4208 |    385 |    469 |   2177 |   4 | 1148.2 |
    Slime Pits |   4242 |   3992 |    250 |    406 |   2352 |   5 |  848.4 |
  Orcish Mines |   2507 |   2255 |    252 |    538 |   1110 |   2 | 1253.5 |
   Elven Halls |   4521 |   3864 |    657 |    440 |   1851 |   3 | 1507.0 |
        Vaults |   9870 |   9064 |    806 |   1272 |   4707 |   5 | 1974.0 |
         Crypt |   4545 |   4339 |    206 |    555 |   2384 |   3 | 1515.0 |
        Depths |   7112 |   6814 |    298 |    874 |   3970 |   4 | 1778.0 |
           Zot |   6632 |   6441 |    191 |    667 |   3485 |   5 | 1326.4 |
      Ice Cave |    317 |    317 |      0 |    165 |      0 |   1 |  317.0 |
               +--------+--------+--------+--------+--------+-----+--------+

Top non-repeatable levels by time:
Vaults:5: 2982 daAuts
Depths:2: 2303 daAuts
Depths:1: 2114 daAuts
  Lair:2: 2076 daAuts
Vaults:4: 1966 daAuts
   Elf:3: 1918 daAuts
 Crypt:3: 1863 daAuts
Vaults:3: 1803 daAuts
    D:10: 1779 daAuts
  Lair:5: 1773 daAuts
Vaults:1: 1754 daAuts
   Elf:1: 1670 daAuts
  Lair:1: 1665 daAuts
   Orc:2: 1658 daAuts
   Zot:4: 1586 daAuts

Table legend:
 A = Kills in this place as a percentage of kills in the entire game.
 B = Kills by you in this place as a percentage of kills by you in the entire game.
 C = Kills by friends in this place as a percentage of kills by friends in the entire game.
 D = Other kills in this place as a percentage of other kills in the entire game.
 E = Experience gained in this place as a percentage of experience gained in the entire game.
 F = Experience gained in this place divided by the number of levels of this place that you have seen.
                   A       B       C       D       E      F
               +-------+-------+-------+-------+-------+----------------------
         Total | 100.0 | 100.0 | 100.0 | 100.0 | 100.0 | 28946.2
       Dungeon |  13.4 |  16.8 |   5.1 |  18.0 |   5.0 | 5377.1
          Lair |   7.8 |   3.8 |  10.5 |  27.2 |   3.4 | 11164.8
        Shoals |   7.5 |   4.6 |  12.7 |  10.2 |   5.7 | 23110.0
     Snake Pit |   8.8 |   5.3 |  15.3 |  11.7 |   7.3 | 29717.2
    Slime Pits |   5.6 |   6.5 |   5.4 |   0.0 |   5.6 | 18136.0
  Orcish Mines |   4.1 |   3.9 |   3.9 |   6.3 |   1.1 | 9068.5
   Elven Halls |   7.6 |   9.1 |   6.5 |   1.0 |   7.5 | 40617.3
        Vaults |  17.0 |  16.5 |  17.2 |  20.4 |  21.6 | 70094.2
         Crypt |   6.8 |  10.7 |   0.6 |   0.0 |   6.8 | 36879.3
        Depths |   9.4 |  10.8 |   9.1 |   0.0 |  13.1 | 52976.8
           Zot |  11.5 |  11.5 |  13.5 |   4.4 |  22.7 | 73577.2
      Ice Cave |   0.5 |   0.5 |   0.4 |   1.0 |   0.1 | 1629.0
               +-------+-------+-------+-------+-------+----------------------
